 Dungeon Crawl Stone Soup version 0.31-a0-236-g9a0961fb85 (webtiles) character file.

Game seed: 10097678680145300701

57143 Shard1697 the Severer (level 15, 0/195 HPs)
             Began as a Meteoran Berserker on July 11, 2023.
             Was the Champion of Trog.
             Shot with a bolt by a naga sharpshooter (13 damage)
             ... on level 1 of the Snake Pit.
             The game lasted 00:46:49 (9199 turns).

Shard1697 the Severer (Meteoran Berserker)          Turns: 9199, Time: 00:46:49

Health: 0/195      AC: 32    Str: 34    XL:     15   Next: 68%
Magic:  0/5        EV: 12    Int:  9    God:    Trog [******]
Gold:   1086       SH: 11    Dex: 13    Spells: 14/14 levels left

rFire   + . .        a - +4 broad axe (antimagic)
rCold   . . .        h - +0 buckler
rNeg    . . .        J - +3 plate armour {rF+}
rPois   .            s - +2 helmet {SInv}
rElec   .            x - +2 cloak
rCorr   .            y - +2 pair of gloves
SInv    +            k - +2 pair of boots
Will    +....        w - amulet of reflection Stlth
                     E - +6 ring of strength
HPRegen 0.52/turn    H - ring of see invisible
MPRegen 0.09/turn

%: reflection
@: berserking, lethally poisoned (0 -> -5), glowing, very quick
A: sense surroundings 2, otherworldly, glowing, explore regen, no potion heal 1
a: Renounce Religion, Berserk, Trog's Hand, Brothers in Arms


You were on level 1 of the Snake Pit.
You worshipped Trog.
Trog was exalted by your worship.
You visited 3 branches of the dungeon, and saw 17 of its levels.
You visited the Abyss 1 time.
You also visited: Ossuary, Gauntlet and Volcano.

You collected 1086 gold pieces.

Inventory:

Hand Weapons
 a - a +4 antimagic broad axe (weapon)
 b - the +9 lance "Wyrmbane" {slay drac, rPois rF+ rC+ AC+3}
   (You took it off Maggie on level 8 of the Dungeon)

   AC:        It affects your AC (+3).
   rF:        It protects you from fire.
   rC:        It protects you from cold.
   rPois:     It protects you from poison.
Armour
 g - a scarf of resistance
 h - a +0 buckler (worn)
 k - a +2 pair of boots (worn)
 s - a +2 helmet of see invisible (worn)
 x - a +2 cloak (worn)
 y - a +2 pair of gloves (worn)
 A - a +3 plate armour of cold resistance
 J - a +3 plate armour of fire resistance (worn)
Jewellery
 n - an amulet of the acrobat
 w - an amulet of reflection (around neck)
 E - a +6 ring of strength (left hand)
 H - a ring of see invisible (right hand)
Wands
 f - a wand of polymorph (13)
 l - a wand of iceblast (21)
 p - a wand of flame (24)
 v - a wand of paralysis (6)
Scrolls
 c - 8 scrolls of teleportation
 j - 4 scrolls of fear
 r - 2 scrolls of fog
 t - 9 scrolls of immolation
 C - 2 scrolls of revelation
 K - a scroll of identify
Potions
 d - 2 potions of might
 e - 2 potions of curing
 i - 5 potions of mutation
 m - 4 potions of magic
 o - 5 potions of attraction
 q - 6 potions of heal wounds
 z - a potion of enlightenment
 D - 2 potions of haste
Miscellaneous
 F - a lightning rod (4/4)


   Skills:
 * Level 11.5 Fighting
 * Level 19.5 Axes
 * Level 11.8 Armour
 - Level 10.0 Dodging
 - Level 9.5 Shields
 + Level 10.6 Evocations


You had 14 spell levels left.
You didn't know any spells.
Your spell library was empty.

Dungeon Overview and Level Annotations

Branches:
Dungeon (11/15) Zot: 1030  Temple (0/1) D:6            Lair (5/5) D:8 Zot: 489
  Snake (1/4) Lair:3 Zot: 537   Slime (0/5) Lair:5          Orc (0/2) D:9
Ossuary (visited)         Volcano (visited)         Gauntlet (visited)
  Swamp: Lair:2-3    Shoals: Lair:2-3

Altars:
Cheibriados
Dithmenos
Elyvilon
Gozag
Hepliaklqana
Kikubaaqudgha
Makhleb
Okawaru
Qazlal
Sif Muna
Vehumet
Xom
Zin
The Shining One
Jiyva

Shops:
D:8 :

Portals:
Hell: Lair:5

Annotations:
D:8 6 transporters


Innate Abilities, Weirdness & Mutations

You passively map the area around you.
You are easily found by Zot.
You glow in the dark.
You regain HP and MP as you explore.
Potions are less effective at restoring your health.


Message History

A naga mage comes into view. It is wielding a +0 club.
The naga sharpshooter spits poison at you.
The splash of poison hits you but does no damage.
You are poisoned.
The black mamba closely misses you. You block the mana viper's attack.
A red film seems to cover your vision as you go berserk!
You feel yourself moving faster!
You feel mighty!
You feel sick. The black mamba closely misses you.
The mana viper closely misses you.
The naga sharpshooter shoots a bolt.
You block the bolt with an invisible shield... and reflect it back!
The bolt hits the naga sharpshooter!!
The black mamba bites you.
* * * LOW HITPOINT WARNING * * *
You closely miss the black mamba.
The black mamba is almost dead.
You hit the mana viper.
You feel sick. The mana viper misses you. You block the black mamba's attack.
The naga sharpshooter shoots a bolt.
You block the bolt with an invisible shield... and reflect it back!
The bolt hits the naga sharpshooter!!
You completely miss the black mamba.
The black mamba is almost dead.
You closely miss the mana viper.
You feel sick.
You slice the black mamba!!
You kill the black mamba!
Trog accepts your kill.
You barely miss the mana viper. The mana viper bites you!
* * * LOW HITPOINT WARNING * * *
You feel your power leaking away. The naga mage spits poison at you.
The splash of poison hits you but does no damage.
You are more poisoned.
You feel sick.
The naga sharpshooter shoots a bolt.
The bolt hits you!
* * * LOW HITPOINT WARNING * * *
The mana viper bites you!
* * * LOW HITPOINT WARNING * * *
There is a staircase back to the Lair, spattered with blood here.
You see here a black mamba corpse.
You feel a strong urge to attack something.
You feel sick. You block the mana viper's attack.
The naga sharpshooter shoots a bolt.
The bolt hits you!
You die...

, , ,.. * * *, , * #.
..##* , , * *.## * ..... ,
*# ####*#.# ..... , , *
#.#...##.## *#.>.., *
#........# ... ,, *
#.......!######.# ,
,##............## ,,, * *
*#...@....##...##*
#....S..###....# ,* *
.$..#......##.....## . ,
...........##......####. ,
,,....#...N..##.....##....
, ....###N....##....##....
, , ,,#.. ,
##..........#.)... #.,
.......###.......... , ,*,
..........#####.....


You could see a naga sharpshooter, a mana viper and a naga mage (catching
breath).

Vanquished Creatures
  A minotaur (Gauntlet)
  7 hydras
  A catoblepas (Lair:5)
  A two-headed ogre (D:10)
  3 death yaks
  A boulder beetle (Lair:5)
  A sun demon (Lair:5)
  A shock serpent (Snake:1)
  2 skysharks (Lair:5)
  2 skeletal warriors (Volcano)
  A naga ritualist (Snake:1)
  3 wizards
  Pikel (D:6)
  2 lindwurms
  2 anaconda skeletons (Volcano)
  An orc knight (D:11)
  7 elephants
  2 slime creatures (D:6)
  4 molten gargoyles (D:11)
  3 smoke demons
  8 black mambas
  8 cane toads
  3 gargoyles (Volcano)
  An orange demon (Lair:5)
  A minotaur zombie (Gauntlet)
  A kobold demonologist (D:11)
  Maggie (D:8)
  9 rime drakes
  An efreet (Gauntlet)
  15 komodo dragons
  2 ice devils (Lair:5)
  2 large abominations (Abyss:3)
  3 red devils (Lair:5)
  2 polar bears
  A hornet (D:9)
  3 blink frogs (Lair:5)
  A harpy skeleton (Volcano)
  3 flying skulls (Volcano)
  A shadow (D:9)
  A vampire (D:11)
  5 wyverns
  51 yaks
  2 ynoxinuls (Abyss:3)
  3 fire elementals
  4 basilisks
  A wraith (D:11)
  A steam dragon (D:9)
  4 vampire mosquitoes (D:8)
  The ghost of Shard1697 the Insei, an amateur DjTm (D:3)
  A neqoxec (Abyss:3)
  3 wargs (D:8)
  4 nagas (Lair:3)
  6 hell hounds
  20 water moccasins
  2 ice beasts
  3 black bears
  6 ogres
  A wolf (Lair:5)
  3 starcursed masses (Abyss:3)
  2 centaurs (D:10)
  A lemure (D:6)
  A small abomination (Abyss:3)
  A phantom (D:6)
  2 kobold brigands (D:6)
  An elf zombie (Ossuary)
  15 bullfrogs
  2 elf skeletons (D:4)
  A scorpion (D:3)
  3 wights (D:6)
  11 killer bees
  10 howler monkeys
  3 centaur zombies (Ossuary)
  4 hounds
  2 gnoll boudas
  6 jellies
  2 human zombies (Ossuary)
  10 orc priests
  Crazy Yiuf (D:3)
  2 human skeletons (D:4)
  2 sleepcaps
  Jessica (D:3)
  4 iguanas
  Ijyb (D:3)
  8 orc wizards
  2 naga skeletons (Volcano)
  2 mummies (Ossuary)
  8 adders
  12 gnolls
  3 shadow imps
  4 white imps
  2 ufetubi
  An adder zombie (Ossuary)
  A worm (D:1)
  A dart slug (D:5)
  56 orcs
  8 ball pythons
  2 bats
  12 endoplasms
  6 giant cockroaches
  11 hobgoblins
  13 jackals (D:1)
  5 quokkas
  3 goblins
  2 goblin zombies (Ossuary)
  10 hobgoblin zombies (Ossuary)
  A jackal zombie (Ossuary)
  11 kobolds
  8 kobold zombies (Ossuary)
  10 orc zombies
  11 rats
  A rat zombie (Ossuary)
536 creatures vanquished.

Notes
Turn   | Place    | Note
-------+----------+-------------------------------------------
     0 | D:1      | Shard1697 the Meteoran Berserker began the quest for the
                  | Orb.
     0 | D:1      | Reached XP level 1. HP: 19/19 MP: 2/2
     2 | D:1      | Found a runed translucent door.
    18 | D:1      | Reached skill level 4 in Axes
    20 | D:1      | Reached XP level 2. HP: 23/26 MP: 3/3
    27 | D:1      | Reached XP level 3. HP: 24/31 MP: 4/4
   101 | D:1      | Reached skill level 5 in Axes
   196 | D:1      | Reached ** piety under Trog
   252 | D:1      | Reached XP level 4. HP: 34/36 MP: 5/5
   482 | D:1      | Glimpsed the power of Zot.
   495 | D:2      | Found a faded altar of an unknown god.
   614 | D:2      | You fall into a shaft and drop 2 floors!
   692 | D:4      | Reached skill level 6 in Axes
   692 | D:4      | Reached XP level 5. HP: 30/45 MP: 6/6
   709 | D:4      | Reached skill level 7 in Axes
   752 | D:4      | Reached XP level 6. HP: 18/51 MP: 7/7
   755 | D:4      | Found a sand-covered staircase.
   795 | Ossuary  | Entered an ossuary
   873 | Ossuary  | Reached skill level 8 in Axes
   898 | Ossuary  | Reached *** piety under Trog
   938 | Ossuary  | Reached XP level 7. HP: 35/57 MP: 8/8
   997 | Ossuary  | Reached skill level 9 in Axes
  1084 | D:3      | Noticed Jessica
  1093 | D:3      | Killed Jessica
  1120 | D:3      | Found an iron altar of Okawaru.
  1206 | D:3      | Reached XP level 8. HP: 19/66 MP: 9/9
  1403 | D:3      | Noticed Ijyb
  1413 | D:3      | Killed Ijyb
  1433 | D:3      | Reached **** piety under Trog
  1453 | D:3      | Found a hazy altar of Hepliaklqana.
  1522 | D:3      | Reached skill level 10 in Axes
  1618 | D:3      | Found a transporter.
  1618 | D:3      | Noticed Shard1697's ghost (amateur DjTm)
  1618 | D:3      | Identified the +4 giant club "Zolia" {freeze, rC+ rCorr
                  | Str+5 Stlth+}
  1624 | D:3      | Found a transporter.
  1636 | D:3      | Reached skill level 5 in Fighting
  1647 | D:3      | Killed Shard1697's ghost
  1709 | D:3      | Found a runed translucent door.
  1710 | D:3      | Noticed Crazy Yiuf
  1716 | D:3      | Killed Crazy Yiuf
  1717 | D:3      | Gained mutation: You passively map the area around you.
                  | [Meteoran growth]
  1717 | D:3      | Reached XP level 9. HP: 66/75 MP: 10/10
  1743 | D:3      | Found a white marble altar of Elyvilon.
  1950 | D:4      | Reached skill level 11 in Axes
  2186 | D:5      | Entered Level 5 of the Dungeon
  2361 | D:5      | Found a shimmering blue altar of Sif Muna.
  2414 | D:5      | Found an ancient bone altar of Kikubaaqudgha.
  2702 | D:6      | Reached skill level 12 in Axes
  2747 | D:6      | Found a staircase to the Ecumenical Temple.
  3013 | D:6      | Noticed Pikel
  3033 | D:6      | Killed Pikel
  3034 | D:6      | Reached XP level 10. HP: 75/90 MP: 11/11
  3119 | D:6      | Reached skill level 13 in Axes
  3140 | D:6      | Reached ***** piety under Trog
  3255 | D:7      | Found a glowing silver altar of Zin.
  3288 | D:7      | Reached skill level 10 in Fighting
  3433 | D:7      | Found a shimmering altar of Xom.
  3520 | D:7      | Reached skill level 1 in Evocations
  3579 | D:8      | Found a transporter.
  3583 | D:8      | Found a transporter.
  3657 | D:8      | Found a transporter.
  3661 | D:8      | Found a transporter.
  3678 | D:8      | Found a transporter.
  3682 | D:8      | Found a transporter.
  3749 | D:8      | Found Zacloeho's Book Shop.
  3860 | D:8      | Reached skill level 14 in Axes
  3866 | D:8      | Reached XP level 11. HP: 76/99 MP: 12/12
  3931 | D:8      | Found a staircase to the Lair.
  3940 | D:8      | Reached skill level 5 in Armour
  4119 | D:8      | Found a glowing golden altar of the Shining One.
  4119 | D:8      | Noticed Maggie
  4135 | D:8      | Killed Maggie
  4316 | D:9      | Found a staircase to the Orcish Mines.
  4324 | D:9      | Reached skill level 15 in Axes
  4341 | D:9      | Received a gift from Trog
  4430 | D:9      | Found a snail-covered altar of Cheibriados.
  4588 | D:9      | Reached skill level 5 in Evocations
  4640 | D:9      | Found a shadowy altar of Dithmenos.
  4760 | D:10     | Entered Level 10 of the Dungeon
  4992 | D:10     | Noticed a two-headed ogre
  4998 | D:10     | Killed a two-headed ogre
  4999 | D:10     | Reached XP level 12. HP: 83/106 MP: 13/13
  5111 | D:10     | Found a burning altar of Makhleb.
  5111 | D:10     | Found a radiant altar of Vehumet.
  5204 | D:11     | Noticed an orc knight
  5234 | D:11     | Killed an orc knight
  5235 | D:11     | Reached skill level 16 in Axes
  5268 | D:11     | Noticed a sixfirhy
  5287 | D:11     | Found a glowing silver altar of Zin.
  5302 | D:11     | Received a gift from Trog
  5377 | D:11     | Reached skill level 10 in Armour
  5691 | D:8      | Found an opulent altar of Gozag.
  5691 | D:8      | Found a stormy altar of Qazlal.
  5709 | Lair:1   | Entered Level 1 of the Lair of Beasts
  5887 | Lair:1   | Reached skill level 5 in Dodging
  5887 | Lair:1   | Reached XP level 13. HP: 112/113 MP: 4/14
  5926 | Lair:1   | Reached skill level 17 in Axes
  6117 | Lair:2   | Noticed a death yak
  6118 | Lair:2   | Noticed a death yak
  6133 | Lair:2   | Noticed a death yak
  6147 | Lair:1   | Killed a death yak
  6278 | Lair:2   | Killed a death yak
  6285 | Lair:2   | Killed a death yak
  6391 | Lair:2   | Reached skill level 18 in Axes
  6539 | Lair:3   | Found a staircase to the Snake Pit.
  6552 | Lair:3   | Received a gift from Trog
  6582 | Lair:3   | Found a gate leading to a gauntlet.
  6596 | Gauntlet | Entered a Gauntlet
  6596 | Gauntlet | Found a transporter.
  6599 | Gauntlet | Found a transporter.
  6600 | Gauntlet | Found a transporter.
  6604 | Gauntlet | Found a transporter.
  6606 | Gauntlet | Found a transporter.
  6606 | Gauntlet | Found a transporter.
  6609 | Gauntlet | Found a runed translucent door.
  6655 | Gauntlet | Noticed a quicksilver ooze
  6670 | Gauntlet | Found a runed translucent door.
  6674 | Gauntlet | Found a transporter.
  6689 | Abyss:3  | Cast into level 3 of the Abyss (a wizard)
  6848 | Abyss:3  | Found a corrupted altar of Lugonu.
  6848 | Abyss:3  | Noticed a starcursed mass
  6852 | Abyss:3  | Gained mutation: Potions are less effective at restoring
                  | your health. [a neqoxec]
  6876 | Abyss:3  | Reached XP level 14. HP: 71/121 MP: 5/15
  6912 | Abyss:3  | Noticed a cyan very ugly thing
  6937 | Gauntlet | Escaped the Abyss
  6975 | Gauntlet | Noticed a minotaur
  6991 | Gauntlet | Killed a minotaur
  6993 | Gauntlet | Identified the +3 short sword of Animal Spirits {heavy,
                  | rElec rCorr Dex-4 SInv}
  7063 | Lair:3   | Found a dark tunnel.
  7068 | Volcano  | Entered a volcano
  7113 | Volcano  | Reached skill level 10 in Dodging
  7673 | Lair:3   | Reached skill level 19 in Axes
  7677 | Lair:3   | Received a gift from Trog
  7682 | Lair:3   | Reached skill level 10 in Evocations
  7848 | Lair:4   | Reached skill level 1 in Shields
  8165 | Lair:5   | Entered Level 5 of the Lair of Beasts
  8165 | Lair:5   | Found a staircase to the Slime Pits.
  8177 | Lair:5   | Reached skill level 5 in Shields
  8186 | Lair:5   | Found a viscous altar of Jiyva.
  8317 | Lair:5   | Reached XP level 15. HP: 106/128 MP: 5/16
  8673 | Lair:5   | Reached ****** piety under Trog
  8822 | Lair:5   | Found a burning altar of Makhleb.
  8880 | Lair:5   | Received a gift from Trog
  8889 | Lair:5   | Found a gateway to Hell.
  9015 | Snake:1  | Entered Level 1 of the Snake Pit
  9199 | Snake:1  | Shot with a bolt by a naga sharpshooter

Illustrated notes

Levels and vault maps discovered:
D:1:      dpeg_arrival_caged_fury, layout_loops_ring
D:2:      layout_basic, chequers_ecumenical_altar_simple, grunt_ministairs_10
D:3:      layout_loops_ring, lemuel_doored_altar,
          mainiacjoe_overflow_catch_the_wave, gammafunk_ghost_smash,
          serial_bayou_lagoon_b, uniq_jessica, uniq_crazy_yiuf_cottage,
          uniq_ijyb
D:4:      layout_loops_cross, nicolae_ossuary_entry_catacombs
D:5:      layout_layer_cave, kiku_gazebo_garden_becter,
          mainiacjoe_overflow_alcove_2, kennysheep_generic_room_8
D:6:      cheibrodos_fertilizer, layout_basic, minmay_temple_entry_stoned_glass,
          uniq_duvessa, uniq_pikel
D:7:      nicolae_cairo_tiling_very_big, layout_cave_pools,
          mainiacjoe_overflow_small_starburst, lemuel_coloured_pillars_altar,
          st_stairs_3
D:8:      layout_gridville, mainiacjoe_overflow_alcove_4,
          nicolae_overflow_two_pavilions, erik_lair_orcish_takeover,
          serial_shops, nicolae_shop_crystal, serial_nicolae_subway,
          nicolae_sub_station_metal, nicolae_sub_station_stone,
          nicolae_sub_station_crystal, uniq_maggie
D:9:      layout_small_grid, kennysheep_mini_moat, marbit_many_paths,
          hiddenorc2_lemuel
D:10:     layout_loops_ring, grunt_temple_overflow_lords_of_destruction,
          minivault_22
D:11:     layout_cross, corexii_hall_statues_i, hangedman_feature_mirror,
          minivault_8
Lair:1:   layout_long_grid, minivault_26, grunt_megastairs_2,
          infiniplex_staircase_pool
Lair:2:   layout_layer_cave, minmay_shoals_entry_beasts, minmay_hedge_maze,
          beast_lair_carwin_3, grunt_megastairs_3
Lair:3:   layout_cave_pods, minmay_snake_entry_guardpost_small,
          gauntlet_entry_generic, nicolae_volcano_entry_s_turn
Lair:4:   layout_hall_layers, grunt_megastairs_4, lemuel_fruit_fields
Lair:5:   evil_forest, layout_regular_city, nicolae_slime_entry_field_trip,
          minivault_23
Snake:1:  layout_chambers

Skill      XL: |  1  2  3  4  5  6  7  8  9 10 11 12 13 14 15 |
---------------+----------------------------------------------+-----
Axes           | 4 5 6 7 8 9 10 12 14 15 16 18 19 | 19.5
Fighting       | 6 8 10 11 | 11.5
Armour         | 4 8 10 11 | 11.8
Evocations     | 2 5 7 9 10 | 10.6
Dodging        | 5 9 10 | 10.0
Shields        | 7 9 |  9.5

Action                     |  1- 3 |  4- 6 |  7- 9 | 10-12 | 13-15 || total
---------------------------+-------+-------+-------+-------+-------++-------
  Melee: Hand axe          |    59 |    57 |       |       |       ||   116
         Punch             |     1 |       |       |       |       ||     1
         Battleaxe         |       |   102 |   279 |   429 |   376 ||  1186
         Lance             |       |       |       |    37 |    86 ||   123
         Broad axe         |       |       |       |       |   298 ||   298
 Invoke: Berserk           |     2 |     3 |     3 |     4 |     6 ||    18
         Trog's Hand       |       |       |       |       |     1 ||     1
  Evoke: Wand              |       |       |       |       |     1 ||     1
    Use: Potion            |       |     3 |     1 |     1 |     4 ||     9
         Scroll            |       |       |    11 |    12 |     8 ||    31
   Stab: Sleeping          |       |       |     1 |       |       ||     1
         Paralysed         |       |       |       |       |     2 ||     2
 Armour: Animal skin       |    19 |    39 |     5 |       |       ||    63
         Leather armour    |       |       |    33 |       |       ||    33
         Chain mail        |       |       |    73 |   209 |   155 ||   437
         Plate armour      |       |       |       |       |   224 ||   224
  Dodge: Dodged            |    23 |    72 |   114 |   150 |   291 ||   650
  Block: Buckler           |       |     3 |       |       |   197 ||   200
         Other             |       |       |    22 |   102 |    68 ||   192
         Reflection        |       |       |       |     3 |     5 ||     8

Table legend: (Time is in decaauts)
 A = Elapsed time spent in this place.
 B = Non-inter-level travel time spent in this place.
 C = Inter-level travel time spent in this place.
 D = Time resting spent in this place.
 E = Time spent auto-exploring this place.
 F = Levels seen in this place.
 G = Mean time per level.
                   A        B        C        D        E       F      G
               +--------+--------+--------+--------+--------+-----+--------+
         Total |   9186 |   8199 |    987 |    266 |     99 |  22 |  417.5 |
       Dungeon |   5569 |   4955 |    614 |    231 |     99 |  11 |  506.3 |
          Lair |   2510 |   2138 |    372 |      0 |      0 |   5 |  502.0 |
     Snake Pit |     61 |     61 |      0 |      0 |      0 |   1 |   61.0 |
         Abyss |    255 |    255 |      0 |      6 |      0 |   2 |  127.5 |
       Ossuary |    302 |    302 |      0 |     28 |      0 |   1 |  302.0 |
       Volcano |    325 |    325 |      0 |      0 |      0 |   1 |  325.0 |
      Gauntlet |    160 |    160 |      0 |      0 |      0 |   1 |  160.0 |
               +--------+--------+--------+--------+--------+-----+--------+

Top non-repeatable levels by time:
  Lair:5: 723 daAuts
     D:8: 707 daAuts
     D:3: 665 daAuts
     D:6: 566 daAuts
     D:4: 558 daAuts
     D:1: 512 daAuts
     D:9: 510 daAuts
    D:11: 498 daAuts
     D:5: 498 daAuts
  Lair:3: 476 daAuts
  Lair:4: 449 daAuts
  Lair:2: 442 daAuts
  Lair:1: 418 daAuts
    D:10: 414 daAuts
     D:7: 358 daAuts
